 Dungeon Crawl Stone Soup version 0.30-a0-1008-g30c9307041 (webtiles) character file.

Game seed: 5127439205613968198

15905 Newt the Skirmisher (level 12, -6/61 HPs)
             Began as a Kobold Hunter on Apr 5, 2023.
             Was a Believer of Hepliaklqana.
             Killed from afar by Lodul (20 damage)
             ... with a bolt of lightning
             ... on level 11 of the Dungeon.
             The game lasted 00:17:53 (14285 turns).

Newt the Skirmisher (Kobold Hunter)                Turns: 14285, Time: 00:17:53

Health: -6/61      AC: 16    Str: 11    XL:     12   Next: 63%
Magic:  13/21      EV: 16    Int: 13    God:    Hepliaklqana [**....]
Gold:   1051       SH: 10    Dex: 24    Spells: 20/23 levels left

rFire   + + .      SeeInvis .    N - +3 sling (drain)
rCold   x . .      Faith    .    E - +0 kite shield {AC+3}
rNeg    . . .      Spirit   .    A - +5 leather armour of Too Many Cooks {rF+ Str+3}
rPois   .          Reflect  .    H - +2 hat {Int+3}
rElec   .          Rampage  .    v - +0 cloak
rCorr   .                        f - +1 pair of gloves
Will    .....                    (no boots)
Stlth   +++                      (no amulet)
HPRegen 0.30/turn                j - ring of fire
MPRegen 0.17/turn                g - +4 ring of slaying

@: no status effects
A: reduced essence, small, no large weapons, nightstalker 3
a: Renounce Religion, Recall Ancestor, Ancestor Identity


You were on level 11 of the Dungeon.
You worshipped Hepliaklqana.
Hepliaklqana was pleased with you.
You visited 2 branches of the dungeon, and saw 12 of its levels.
You also visited: Ossuary and Bailey.

You collected 1051 gold pieces.

Inventory:

Hand Weapons
 a - a +1 shortbow
 N - a +3 sling of draining (weapon)
Missiles
 L - 2 throwing nets
Armour
 c - a +0 leather armour
 f - a +1 pair of gloves (worn)
 k - a +0 helmet
 v - a +0 cloak (worn)
 w - the +1 leather armour of Amorality {rPois rN+ Str+4}
   (You found it on level 4 of the Dungeon)

   Str:       It affects your strength (+4).
   rPois:     It protects you from poison.
   rN:        It protects you from negative energy.
 y - the +4 robe of Dishonesty {Rampage Drain rC+++ Dex+2}
   (You found it on level 6 of the Dungeon)

   Dex:       It affects your dexterity (+2).
   rC:        It renders you almost immune to cold.
   Drain:     It drains your maximum health when unequipped.
   Rampage:   It bestows one free step when moving towards enemies.
 A - the +5 leather armour of Too Many Cooks (worn) {rF+ Str+3}
   (You found it in a bailey)

   Str:       It affects your strength (+3).
   rF:        It protects you from fire.
 E - a +0 kite shield of protection (worn)
 H - a +2 hat of intelligence (worn)
 O - a +0 troll leather armour
Jewellery
 g - a +4 ring of slaying (right hand)
 j - a ring of fire (left hand)
 x - an amulet of faith
 z - a ring of willpower
 G - a +4 ring of protection
Wands
 l - a wand of acid (3)
 F - a wand of paralysis (10)
Scrolls
 b - 6 scrolls of teleportation
 m - 2 scrolls of amnesia
 q - a scroll of immolation
 u - 2 scrolls of blinking
 C - 2 scrolls of noise
 D - 3 scrolls of fog
 I - 2 scrolls of identify
 J - 3 scrolls of acquirement {unknown}
 M - a scroll of magic mapping
 P - a scroll of butterflies
Potions
 d - 3 potions of lignification
 e - 7 potions of heal wounds
 h - 6 potions of curing
 i - 2 potions of magic
 n - 3 potions of degeneration
 o - 3 potions of flight
 p - a potion of haste
 r - 2 potions of berserk rage
 s - 2 potions of might
 t - 2 potions of mutation
 B - 2 potions of invisibility
 K - 2 potions of brilliance


   Skills:
 - Level 5.0 Fighting
 - Level 14.0 Ranged Weapons
 - Level 4.0 Armour
 - Level 6.0 Dodging
 - Level 1.3 Stealth
 + Level 2.8 Shields
 - Level 6.1 Spellcasting
 - Level 8.7 Hexes
 - Level 8.7 Fire Magic
 - Level 6.0 Evocations


You had 20 spell levels left.
You knew the following spells:

 Your Spells              Type           Power      Damage    Failure   Level
a - Inner Flame           Hex/Fire       40%        N/A       10%         3

Your spell library contained the following spells:

 Spells                   Type           Power      Damage    Failure   Level
 Apportation              Tloc           6%         N/A       75%         1
 Shock                    Conj/Air       12%        1d3       75%         1
 Blink                    Tloc           6%         N/A       86%         2
 Lesser Beckoning         Tloc           6%         N/A       86%         2
 Momentum Strike          Conj/Tloc      6%         3d8       86%         2
 Static Discharge         Conj/Air       6%         2-3/arc   86%         2
 Flame Wave               Conj/Fire      22%        2d8       88%         4
 Sticky Flame             Conj/Fire      22%        2d4       88%         4
 Gell's Gravitas          Tloc           3%         N/A       98%         3
 Ozocubu's Armour         Ice            3%         N/A       98%         3
 Swiftness                Air            3%         N/A       98%         3
 Teleport Other           Tloc           3%         N/A       98%         3
 Metabolic Englaciation   Hex/Ice        7%         N/A       99%         5
 Summon Mana Viper        Hex/Summ       15%        N/A       99%         5
 Yara's Violent Unravell  Hex/Tmut       7%         3d5       99%         5
 Airstrike                Air            1%         2d(1-17)  100%        4
 Manifold Assault         Tloc           3%         N/A       100%        4
 Olgreb's Toxic Radiance  Pois           3%         N/A       100%        4
 Summon Ice Beast         Ice/Summ       3%         N/A       100%        4
 Summon Lightning Spire   Summ/Air       3%         N/A       100%        4
 Alistair's Intoxication  Tmut/Pois      2%         N/A       100%        5
 Dispersal                Tloc           1%         N/A       100%        6
 Simulacrum               Ice/Necr       1%         N/A       100%        6
 Enfeeble                 Hex            13%        N/A       100%        7
 Monstrous Menagerie      Summ           1%         N/A       100%        7
 Storm Form               Tmut/Air       1%         N/A       100%        7
 Discord                  Hex            13%        N/A       100%        8
 Ignition                 Fire           20%        3d7       100%        8


Dungeon Overview and Level Annotations

Branches:
Dungeon (11/15)            Temple (1/1) D:7            Lair (0/5) D:10
    Orc (0/2) D:10        Ossuary (visited)          Bailey (visited)

Altars:
Ashenzari
Cheibriados
Dithmenos
Elyvilon
Fedhas
Gozag
Hepliaklqana
Kikubaaqudgha
Makhleb
Nemelex Xobeh
Okawaru
Qazlal
Ru
Sif Muna
Trog
Uskayaw
Vehumet
Wu Jian
Xom
Yredelemnul
Zin
The Shining One

Shops:
D:9 *[

Annotations:
D:11 Lodul


Innate Abilities, Weirdness & Mutations

Your life essence is reduced to manifest your ancestor. (-10% HP)
You are small and have problems with some larger weapons.
You are completely attuned to the shadows.


Message History

The sling bullet barely misses the ogre.
You are engulfed in blazing flames.
You resist.
Milos barely misses Lodul.
The ogre hits Milos with a +0 giant spiked club.
The ogre completely misses you.
An ogre comes into view. It is wielding a +0 giant club.
Unknown command.
Unknown command.
Okay, then.
Fire: N) +3 sling (drain)
Press: ? - help, Shift-Dir - straight line, f/p - ogre
Aim: an ogre, wielding a +0 giant spiked club (inner flame, ally target, 84% to hit)
You shoot a sling bullet. Milos avoids your attack.
The sling bullet barely misses the ogre.
You are engulfed in blazing flames.
You resist.
* * * LOW HITPOINT WARNING * * *
Milos hits the ogre with a +0 flail!
Flame seeps out of the ogre.
The ogre is engulfed in blazing flames.
Flame seeps out of the ogre.
The ogre closely misses Milos.
An ogre comes into view. It is wielding a +0 giant club.
Unknown command.
Unknown command.
The ogre misses you.
The ogre hits Milos with a +0 giant club!
Milos hits the ogre with a +0 flail!
The ogre explodes!
The fiery explosion engulfs the ogre!
The ogre is heavily wounded.
The fiery explosion engulfs the ogre!!!
You kill the ogre!
Milos avoids your attack.
Aiming: Inner Flame (dangerous; 10% risk of failure)
Press: ? - help, Q - select action, (/) - cycle Dir - move target, f - ogre
Aim: an ogre, wielding a +0 giant club (chance to affect: 89%)
You feel a surge of power!
The ogre is filled with an inner flame.
Lodul zaps a wand.
The puff of flame misses you.
The ogre is engulfed in blazing flames.
Unknown command.
Electricity crackles from Lodul's apparatus.
The bolt of lightning hits you!!
You die...

##################
..................
....#.....#..#..#.
.....R............ #
####'############# .)
..........
##§#######'########
.O○O§.@...........#
.§OR.O............#
.§)§..........#...#
.§§§..............#
...........†........#
....................#
##
......########......#
#. ......# #......#
#. #######..#
#......# #.


You could see the friendly Milos the knight, Lodul and 2 ogres.

Vanquished Creatures
  Gastronok (D:9)
  Harold (D:10)
  Erica (D:9)
  3 two-headed ogres
  Pikel (D:7)
  A manticore (D:11)
  A cyclops (D:11)
  Maurice (D:7)
  A gargoyle (D:11)
  A kobold demonologist (D:10)
  Grinder (D:3)
  Prince Ribbit (D:8)
  2 hornets
  2 wyverns
  A wraith (D:11)
  14 yaks
  2 vampires (D:10)
  A vampire mosquito (D:11)
  3 water moccasins
  5 black bears
  9 orc warriors
  5 ogres
  A centaur (D:9)
  A lemure (D:8)
  2 kobold brigands
  6 bullfrogs
  2 scorpions (D:7)
  A water moccasin zombie (Ossuary)
  A wight (Ossuary)
  10 killer bees
  2 howler monkeys
  3 bullfrog zombies (Ossuary)
  2 hounds (D:6)
  3 jellies
  Crazy Yiuf (D:3)
  3 orc priests
  2 gnoll boudas
  Natasha (thrice) (D:3)
  3 iguanas
  A sleepcap (D:6)
  6 orc wizards
  12 gnolls
  14 adders
  A shadow imp (D:7)
  3 ufetubi
  3 adder zombies (Ossuary)
  A worm (D:5)
  6 dart slugs
  42 orcs
  7 ball pythons
  5 bats
  6 endoplasms
  A giant cockroach (D:3)
  3 gnoll zombies (Ossuary)
  10 goblins
  7 hobgoblins
  5 jackals
  14 kobolds
  5 quokkas
  2 frilled lizards
  2 goblin zombies (Ossuary)
  7 orc zombies (Ossuary)
  4 rats
271 creatures vanquished.

Vanquished Creatures (collateral kills)
  Urug (D:11)
  A komodo dragon (D:11)
  A troll (D:11)
  A hornet (D:10)
  A yak (D:10)
  A vampire mosquito (D:11)
  A black bear (D:10)
  An ogre (D:11)
  A howler monkey (D:11)
  2 orc wizards
  An adder (D:9)
  A hobgoblin (D:9)
  2 kobolds (D:9)
15 creatures vanquished.

Vanquished Creatures (others)
  A knight (D:11)
  4 ancestors
  27 fungi (D:10)
  54 plants (D:10)
86 creatures vanquished.

Grand Total: 372 creatures vanquished

Notes
Turn   | Place    | Note
-------+----------+-------------------------------------------
     0 | D:1      | Newt the Kobold Hunter began the quest for the Orb.
     0 | D:1      | Reached XP level 1. HP: 12/12 MP: 1/1
   195 | D:1      | Reached XP level 2. HP: 13/18 MP: 2/2
  1013 | D:1      | Found a faded altar of an unknown god.
  1120 | D:2      | Identified the +0 dagger of Extremism {freeze, Will+ rCorr}
  1286 | D:2      | Reached XP level 3. HP: 23/23 MP: 3/3
  1653 | D:2      | Identified the +0 robe of Xom, Healing {+Blink Int+2
                  | Stlth-}
  1793 | D:2      | Reached XP level 4. HP: 30/30 MP: 4/4
  2035 | D:3      | Noticed Natasha
  2047 | D:3      | Killed Natasha
  2048 | D:3      | Reached skill level 5 in Fighting
  2106 | D:3      | Noticed Natasha
  2111 | D:3      | Killed Natasha
  2112 | D:3      | Reached skill level 6 in Ranged Weapons
  2112 | D:3      | Reached XP level 5. HP: 35/35 MP: 5/5
  2124 | D:3      | Found an ornate altar of the Wu Jian Council.
  2175 | D:3      | Noticed Grinder
  2184 | D:3      | Paralysed by Grinder for 2 turns
  2189 | D:3      | Paralysed by Grinder for 4 turns
  2201 | D:3      | Paralysed by Grinder for 3 turns
  2210 | D:3      | Killed Grinder
  2211 | D:3      | Reached skill level 8 in Ranged Weapons
  2211 | D:3      | Reached XP level 6. HP: 17/40 MP: 6/6
  2506 | D:3      | Found a shimmering altar of Xom.
  2575 | D:3      | Found a runed translucent door.
  2578 | D:3      | Noticed Crazy Yiuf
  2708 | D:3      | Noticed Natasha
  2722 | D:3      | Killed Natasha
  3004 | D:3      | Reached XP level 7. HP: 44/44 MP: 7/7
  3255 | D:3      | Found a sacrificial altar of Ru.
  3542 | D:3      | Killed Crazy Yiuf
  3543 | D:3      | Reached skill level 9 in Ranged Weapons
  4239 | D:4      | Reached skill level 10 in Ranged Weapons
  4743 | D:4      | Reached XP level 8. HP: 43/49 MP: 8/8
  4771 | D:4      | Identified the +1 leather armour of Amorality {rPois rN+
                  | Str+4}
  4966 | D:4      | Reached skill level 5 in Dodging
  5377 | D:5      | Entered Level 5 of the Dungeon
  5571 | D:5      | Found a glowing silver altar of Zin.
  5969 | D:5      | Reached skill level 1 in Spellcasting
  5969 | D:5      | Reached skill level 1 in Hexes
  5969 | D:5      | Reached skill level 1 in Fire Magic
  6431 | D:6      | Identified the +4 robe of Dishonesty {Rampage Drain rC+++
                  | Dex+2}
  6597 | D:6      | Found a sand-covered staircase.
  6603 | Ossuary  | Entered an ossuary
  6789 | Ossuary  | Reached XP level 9. HP: 54/54 MP: 11/13
  6809 | Ossuary  | Noticed a silent spectre
  7174 | D:6      | Learned a level 3 spell: Inner Flame
  7843 | D:7      | Found a flagged portal.
  7871 | Bailey   | Entered a bailey
  8245 | Bailey   | Identified the +1 plate armour of the Mind {rPois rC-
                  | Int+5}
  8275 | Bailey   | Identified the +5 leather armour of Too Many Cooks {rF+
                  | Str+3}
  8466 | D:7      | Found a staircase to the Ecumenical Temple.
  8701 | Temple   | Entered the Ecumenical Temple
  8811 | Temple   | Became a worshipper of Hepliaklqana the Forgotten
  8837 | D:7      | Reached skill level 5 in Spellcasting
  8837 | D:7      | Reached skill level 5 in Hexes
  8837 | D:7      | Reached skill level 5 in Fire Magic
  9081 | D:7      | Reached XP level 10. HP: 46/59 MP: 13/17
  9452 | D:8      | Noticed Maurice
  9452 | D:8      | Noticed Pikel
  9731 | D:7      | Killed Pikel
 10344 | D:7      | Killed Maurice
 10444 | D:8      | Noticed Prince Ribbit
 10456 | D:8      | Killed Prince Ribbit
 10528 | D:8      | Reached * piety under Hepliaklqana
 10965 | D:9      | Noticed Gastronok
 10975 | D:9      | Killed Gastronok
 10976 | D:9      | Reached XP level 11. HP: 56/56 MP: 14/20
 11074 | D:9      | Found a hide-covered altar of Uskayaw.
 11198 | D:9      | Noticed Erica
 11203 | D:9      | Killed Erica
 11213 | D:9      | Found a white marble altar of Elyvilon.
 11273 | D:9      | Reached skill level 1 in Evocations
 11277 | D:9      | Noticed a two-headed ogre
 11281 | D:9      | Killed a two-headed ogre
 11341 | D:9      | Found Cheibriados's Comfort Zone.
 11343 | D:9      | Found a snail-covered altar of Cheibriados.
 11396 | D:9      | Reached skill level 5 in Evocations
 11491 | D:9      | Found Qiatyuck's Serpentskin Sales.
 11631 | D:9      | Found a bloodstained altar of Trog.
 11645 | D:10     | Entered Level 10 of the Dungeon
 11645 | D:10     | Noticed Harold
 11653 | D:10     | Killed Harold
 11654 | D:10     | Reached skill level 1 in Armour
 11772 | D:10     | Noticed a two-headed ogre
 11781 | D:10     | Killed a two-headed ogre
 11947 | D:10     | Found a broken altar of Ashenzari.
 12155 | D:10     | Paralysed by a hornet for 3 turns
 12222 | D:10     | Found a stormy altar of Qazlal.
 12260 | D:10     | Found a staircase to the Orcish Mines.
 12326 | D:10     | Reached XP level 12. HP: 10/61 MP: 18/21
 12563 | D:10     | Found a staircase to the Lair.
 12599 | D:10     | Reached skill level 11 in Ranged Weapons
 13195 | D:11     | Reached ** piety under Hepliaklqana
 13196 | D:11     | Remembered your ancestor Milos as a knight
 13219 | D:11     | Reached skill level 12 in Ranged Weapons
 13441 | D:11     | Reached skill level 13 in Ranged Weapons
 13666 | D:11     | Noticed Urug
 13671 | D:11     | Killed Urug
 14154 | D:11     | Reached skill level 14 in Ranged Weapons
 14163 | D:11     | Reached skill level 1 in Shields
 14215 | D:11     | Noticed a two-headed ogre
 14221 | D:11     | Killed a two-headed ogre
 14274 | D:11     | Noticed Lodul
 14285 | D:11     | Killed from afar by Lodul

Illustrated notes

Levels and vault maps discovered:
D:1:      heliophobic_arrival_battle_scene, layout_loops_corners,
          nicolae_ecumenical_lake_church
D:2:      layout_basic
D:3:      layout_loops_corners, mainiacjoe_overflow_paths,
          mainiacjoe_overflow_alcove_1, hangedman_ru_absence,
          minmay_snake_closets, uniq_natasha, uniq_crazy_yiuf_cottage,
          uniq_grinder
D:4:      layout_basic
D:5:      layout_layer_cave, zin_statuary
D:6:      layout_cave_pods, enter_ossuary_1
D:7:      layout_loops_ring, minmay_temple_entry_arrows, enter_bailey_3
D:8:      layout_rooms, uniq_maurice, uniq_pikel, uniq_prince_ribbit1
D:9:      minmay_spotlight, layout_rooms,
          mainiacjoe_overflow_concentric_impassable, old_standard_altar,
          trog_hazing_becter, chequers_serial_rivers_micro_c, minmay_shop_chei,
          guppyfry_shop_venom, uniq_gastronok, uniq_erica
D:10:     layout_loops_cross, mainiacjoe_overflow_catwalk, grunt_qazlal_clouds,
          due_lair_maze_entry_diamond, orc_0_dummy, uniq_harold
D:11:     layout_stronghold, uniq_lodul, uniq_urug
Temple:   cyrus_circular_temple

Skill      XL: |  1  2  3  4  5  6  7  8  9 10 11 12 |
---------------+-------------------------------------+-----
Fighting       | 3 4 5 |  5.0
Ranged Weapons | 6 8 10 14 | 14.0
Dodging        | 4 6 |  6.0
Spellcasting   | 2 5 6 |  6.1
Hexes          | 2 5 8 |  8.7
Fire Magic     | 2 5 8 |  8.7
Evocations     | 6 |  6.0
Armour         | 4 |  4.0
Shields        | 2 |  2.8
Stealth        | |  1.3

Action                     |  1- 3 |  4- 6 |  7- 9 | 10-12 || total
---------------------------+-------+-------+-------+-------++-------
  Melee: Shortbow          |       |       |     5 |     1 ||     6
   Fire: Shortbow          |    61 |    86 |   367 |   221 ||   735
         Sling             |       |       |       |    83 ||    83
   Cast: Inner Flame       |       |       |    11 |    42 ||    53
 Invoke: Ancestor Life: Kn |       |       |       |     1 ||     1
    Use: Scroll            |     1 |     4 |    13 |     7 ||    25
         Potion            |       |     3 |     2 |     2 ||     7
 Armour: Leather armour    |    11 |    11 |    59 |    51 ||   132
         Skin              |       |    12 |       |       ||    12
  Dodge: Dodged            |    13 |    30 |   160 |   174 ||   377
  Block: Kite shield       |       |       |       |     5 ||     5

Table legend: (Time is in decaauts)
 A = Elapsed time spent in this place.
 B = Non-inter-level travel time spent in this place.
 C = Inter-level travel time spent in this place.
 D = Time resting spent in this place.
 E = Time spent auto-exploring this place.
 F = Levels seen in this place.
 G = Mean time per level.
                   A        B        C        D        E       F      G
               +--------+--------+--------+--------+--------+-----+--------+
         Total |  14387 |  13855 |    532 |   2530 |   9473 |  14 | 1027.6 |
       Dungeon |  13406 |  12896 |    510 |   2530 |   8769 |  11 | 1218.7 |
        Temple |    118 |     96 |     22 |      0 |     85 |   1 |  118.0 |
       Ossuary |    312 |    312 |      0 |      0 |    190 |   1 |  312.0 |
        Bailey |    549 |    549 |      0 |      0 |    428 |   1 |  549.0 |
               +--------+--------+--------+--------+--------+-----+--------+

Top non-repeatable levels by time:
     D:3: 2202 daAuts
     D:6: 1554 daAuts
    D:10: 1510 daAuts
     D:7: 1418 daAuts
     D:4: 1211 daAuts
    D:11: 1137 daAuts
     D:1: 1124 daAuts
     D:5: 1041 daAuts
     D:2: 897 daAuts
     D:9: 760 daAuts
  Bailey: 549 daAuts
     D:8: 547 daAuts
 Ossuary: 312 daAuts
  Temple: 118 daAuts
